 Dungeon Crawl Stone Soup version 0.26-a0-638-gcca6ad1b57 (webtiles) character file.

Game seed: 1011019104320298770

154 Gargoyl the Skirmisher (level 5, -13/47 HPs)
             Began as a Gnoll Abyssal Knight on Sept 14, 2020.
             Was a Believer of Lugonu.
             Mangled by an ogre
             ... wielding a +0 giant club
              (18 damage)
             ... on level 4 of the Dungeon.
             The game lasted 00:04:52 (3198 turns).

Gargoyl the Skirmisher (Gnoll Abyssal Knight)       Turns: 3198, Time: 00:04:53

Health: -13/47     AC: 14    Str: 15    XL:     5   Next: 36%
Magic:  8/8        EV:  8    Int: 15    God:    Lugonu [**....]
Gold:   239        SH:  5    Dex: 14    Spells: 6/6 levels left

rFire    . . .     SeeInvis .   a - +2 hand axe
rCold    . . .     Faith    .   (no shield)
rNeg     . . .     Spirit   .   b - +0 chain mail
rPois    +         Reflect  +   (no helmet)
rElec    .         Harm     .   o - +0 cloak
rCorr    .         Rampage  .   (no gloves)
MR       .....                  (no boots)
Stlth    ..........             c - amulet of reflection
HPRegen  0.15/turn              d - ring of poison resistance
MPRegen  0.11/turn              f - +4 ring of protection

@: mighty
A: distributed training, fangs 1, strong nose
a: Depart the Abyss, Bend Space, Renounce Religion


You were on level 4 of the Dungeon.
You worshipped Lugonu.
Lugonu was pleased with you.
You visited 1 branch of the dungeon, and saw 4 of its levels.
You visited the Abyss 1 time.

You collected 239 gold pieces.

Inventory:

Hand Weapons
 a - a +2 hand axe (weapon)
Armour
 b - a +0 chain mail (worn)
 o - a +0 cloak (worn)
Jewellery
 c - an amulet of reflection (around neck)
 d - a ring of poison resistance (left hand)
 f - a +4 ring of protection (right hand)
Scrolls
 e - a scroll of fog
 g - 4 scrolls of remove curse
 l - 3 scrolls of identify
Potions
 i - 2 potions of might
 j - 4 potions of curing
 k - a potion of haste
 n - a potion of resistance


   Skills:
 + Level 6.7 Fighting
 + Level 1.4 Short Blades
 + Level 1.4 Long Blades
 + Level 4.8 Axes
 + Level 1.4 Maces & Flails
 + Level 1.4 Polearms
 + Level 1.4 Staves
 + Level 1.4 Slings
 + Level 1.4 Bows
 + Level 1.4 Crossbows
 + Level 1.4 Throwing
 + Level 4.8 Armour
 + Level 3.0 Dodging
 + Level 1.4 Stealth
 + Level 1.4 Shields
 + Level 1.4 Unarmed Combat
 + Level 1.4 Spellcasting
 + Level 1.1 Conjurations
 + Level 1.1 Hexes
 + Level 1.1 Summonings
 + Level 1.1 Necromancy
 + Level 1.1 Translocations
 + Level 1.1 Transmutations
 + Level 1.1 Fire Magic
 + Level 1.1 Ice Magic
 + Level 1.1 Air Magic
 + Level 1.1 Earth Magic
 + Level 1.1 Poison Magic
 + Level 4.8 Invocations
 + Level 1.4 Evocations


You had 6 spell levels left.
You didn't know any spells.
Your spell library was empty.

Dungeon Overview and Level Annotations

Branches:
Dungeon (4/15)
 Temple: D:4-7

Altars:
Ashenzari
Cheibriados
Elyvilon
Makhleb
Okawaru
Zin


Innate Abilities, Weirdness & Mutations

Your experience applies equally to all skills.
You have very sharp teeth.
Your uncanny sense of smell can sniff out nearby items.


Message History

* * * LOW HITPOINT WARNING * * *
You completely miss the orc priest.
The orc priest is severely wounded.
You hit the ogre.
The orc priest hits you with a cursed -2 dagger.
* * * LOW HITPOINT WARNING * * *
You block the ogre's attack.
You feel better.
The orc priest looks encouraged for a moment.
You hit the orc priest but do no damage.
The orc priest is severely wounded.
You hit the ogre. The ogre barely misses you.
The orc priest hits you with a cursed -2 dagger.
Unknown command.
You feel very mighty all of a sudden.
The orc priest mumbles some strange prayers to Beogh against you.
Beogh smites you!
* * * LOW HITPOINT WARNING * * *
The ogre hits you with a +0 giant club!!
You die...

.........#..#... ...
.........#..#..# #.###
.........#..#..##....
.........#..#......###
.........'............
.........#..#.....#####
###......#..#..........
...#######..##..).####
...# #......@o.#
...#### ##.##..#O$#
....... (............
...## ....####...##..#
...# .? ...# .# ##.## .
...# # .#..# ...# ....#
..# ....#


You could see an ogre and an orc priest.

Vanquished Creatures
  Crazy Yiuf (D:3)
  An iguana (D:4)
  An adder (D:2)
  3 oozes (D:3)
  4 worms
  3 leopard geckos
  3 orcs
  12 bats
  2 giant cockroaches
  6 goblins
  6 hobgoblins
  5 jackals (D:3)
  2 quokkas
  6 frilled lizards
  3 kobolds
  4 rats
62 creatures vanquished.

Notes
Turn   | Place    | Note
-------+----------+-------------------------------------------
     0 | Abyss:1  | Gargoyl the Gnoll Abyssal Knight began the quest for the
                  | Orb.
     0 | Abyss:1  | Reached XP level 1. HP: 23/23 MP: 3/3
    24 | Abyss:2  | Found a corrupted altar of Lugonu.
    46 | Abyss:2  | Noticed a small abomination
    56 | Abyss:2  | Noticed a small abomination
    61 | Abyss:2  | Noticed a blizzard demon
    61 | D:1      | Escaped the Abyss
   332 | D:1      | Reached XP level 2. HP: 29/29 MP: 5/5
   348 | D:1      | Reached * piety under Lugonu
   995 | D:2      | Found a burning altar of Makhleb.
  1002 | D:2      | Found a white marble altar of Elyvilon.
  1003 | D:2      | Found a glowing silver altar of Zin.
  1003 | D:2      | Found a shattered altar of Ashenzari.
  1035 | D:2      | Reached XP level 3. HP: 27/35 MP: 6/6
  1399 | D:2      | Reached skill level 1 in Short Blades
  1399 | D:2      | Reached skill level 1 in Long Blades
  1399 | D:2      | Reached skill level 1 in Maces & Flails
  1399 | D:2      | Reached skill level 1 in Polearms
  1399 | D:2      | Reached skill level 1 in Staves
  1399 | D:2      | Reached skill level 1 in Slings
  1399 | D:2      | Reached skill level 1 in Bows
  1399 | D:2      | Reached skill level 1 in Crossbows
  1399 | D:2      | Reached skill level 1 in Throwing
  1399 | D:2      | Reached skill level 1 in Stealth
  1399 | D:2      | Reached skill level 1 in Shields
  1399 | D:2      | Reached skill level 1 in Unarmed Combat
  1399 | D:2      | Reached skill level 1 in Spellcasting
  1399 | D:2      | Reached skill level 1 in Evocations
  1490 | D:2      | Found a snail-covered altar of Cheibriados.
  2118 | D:3      | Reached ** piety under Lugonu
  2118 | D:3      | Reached XP level 4. HP: 41/41 MP: 7/7
  2436 | D:3      | Found a runed translucent door.
  2437 | D:3      | Noticed Crazy Yiuf
  2482 | D:3      | Reached skill level 1 in Conjurations
  2482 | D:3      | Reached skill level 1 in Hexes
  2482 | D:3      | Reached skill level 1 in Summonings
  2482 | D:3      | Reached skill level 1 in Necromancy
  2482 | D:3      | Reached skill level 1 in Translocations
  2482 | D:3      | Reached skill level 1 in Transmutations
  2482 | D:3      | Reached skill level 1 in Fire Magic
  2482 | D:3      | Reached skill level 1 in Ice Magic
  2482 | D:3      | Reached skill level 1 in Air Magic
  2482 | D:3      | Reached skill level 1 in Earth Magic
  2482 | D:3      | Reached skill level 1 in Poison Magic
  2896 | D:3      | Killed Crazy Yiuf
  2896 | D:3      | Reached XP level 5. HP: 35/47 MP: 8/8
  3020 | D:4      | Found an iron altar of Okawaru.
  3186 | D:4      | Noticed an ogre
  3198 | D:4      | Mangled by an ogre

Illustrated notes

Levels and vault maps discovered:
D:1:      dpeg_arrival_arbitrary_b, layout_basic, minmay_ruptured
D:2:      layout_basic, marbit_many_paths,
          chequers_temple_overflow_statue_of_worship, minmay_bisected
D:3:      layout_basic, serial_glass, glass_columns_b, glass_columns_c,
          glass_columns_b, glass_columns_a, glass_columns_c, glass_columns_b,
          glass_columns_a, glass_columns_b, uniq_crazy_yiuf_cottage
D:4:      layout_basic, okawaru_gym_becter

Skill      XL: |  1  2  3  4  5 |
---------------+----------------+-----
Short Blades   | 1 |  1.4
Long Blades    | 1 |  1.4
Maces & Flails | 1 |  1.4
Polearms       | 1 |  1.4
Staves         | 1 |  1.4
Slings         | 1 |  1.4
Bows           | 1 |  1.4
Crossbows      | 1 |  1.4
Throwing       | 1 |  1.4
Stealth        | 1 |  1.4
Shields        | 1 |  1.4
Unarmed Combat | 1 |  1.4
Spellcasting   | 1 |  1.4
Evocations     | 1 |  1.4
Conjurations   | 1 |  1.1
Hexes          | 1 |  1.1
Summonings     | 1 |  1.1
Necromancy     | 1 |  1.1
Translocations | 1 |  1.1
Transmutations | 1 |  1.1
Fire Magic     | 1 |  1.1
Ice Magic      | 1 |  1.1
Air Magic      | 1 |  1.1
Earth Magic    | 1 |  1.1
Poison Magic   | 1 |  1.1
Dodging        | 3 |  3.0
Fighting       | |  6.7
Axes           | |  4.8
Armour         | |  4.8
Invocations    | |  4.8

Action                   |  1- 3 |  4- 6 || total
-------------------------+-------+-------++-------
Melee: Hand axe          |   101 |    93 ||   194
       Bite              |    11 |    10 ||    21
Invok: Depart the Abyss  |     1 |       ||     1
  Use: Scroll            |     8 |     4 ||    12
       Potion            |       |     2 ||     2
Armor: Leather armour    |     9 |       ||     9
       Chain mail        |    31 |    60 ||    91
       Ring mail         |    15 |       ||    15
Dodge: Dodged            |    49 |    33 ||    82
Block: Other             |    29 |    30 ||    59
       Reflection        |       |     2 ||     2

Table legend: (Time is in decaauts)
 A = Elapsed time spent in this place.
 B = Non-inter-level travel time spent in this place.
 C = Inter-level travel time spent in this place.
 D = Time resting spent in this place.
 E = Time spent auto-exploring this place.
 F = Levels seen in this place.
 G = Mean time per level.
                   A        B        C        D        E       F      G
               +--------+--------+--------+--------+--------+-----+--------+
         Total |   3210 |   3095 |    115 |      0 |   2422 |   6 |  535.0 |
       Dungeon |   3149 |   3034 |    115 |      0 |   2403 |   4 |  787.2 |
         Abyss |     60 |     60 |      0 |      0 |     19 |   2 |   30.0 |
               +--------+--------+--------+--------+--------+-----+--------+

Top non-repeatable levels by time:
     D:2: 1048 daAuts
     D:3: 979 daAuts
     D:1: 936 daAuts
     D:4: 185 daAuts
 Abyss:2: 57 daAuts
 Abyss:1: 3 daAuts
